 Dungeon Crawl Stone Soup version 0.25.1-9-gc5326a611f (webtiles) character file.

Game seed: 14717115519059221962

13808 pokeman the Eclecticist (level 11, -10/61 HPs)
             Began as a Deep Elf Wizard on Dec 28, 2020.
             Was a Priest of Vehumet.
             Mangled by a red ugly thing (14 damage)
             ... on level 11 of the Dungeon.
             The game lasted 00:48:26 (16335 turns).

pokeman the Eclecticist (Deep Elf Wizard)          Turns: 16335, Time: 00:48:27

Health: -10/61     AC: 14    Str:  5    XL:     11   Next: 80%
Magic:  12/41      EV: 11    Int: 30    God:    Vehumet [***...]
Gold:   744        SH:  0    Dex: 16    Spells: 28/41 levels left

rFire    . . .     SeeInvis .   g - +2 short sword (venom)
rCold    . . .     Gourm    .   (no shield)
rNeg     . . .     Faith    .   L - +0 swamp dragon scales
rPois    +         Spirit   .   J - +0 helmet
rElec    .         Reflect  .   M - +0 cloak
rCorr    .         Harm     .   (no gloves)
MR       +....                  c - +0 pair of boots
Stlth    ++........             C - amulet of inaccuracy
HPRegen  0.20/turn              f - +4 ring of protection
MPRegen  0.27/turn              B - ring of the Octopus King {MP+9 AC+1 EV+1 Str+1 Int+1 Dex+1}

@: very slightly contaminated
A: agile 1, blurry vision 1, clever 1, deformed body
a: Renounce Religion


You were on level 11 of the Dungeon.
You worshipped Vehumet.
Vehumet was most pleased with you.
You were not hungry.

You visited 2 branches of the dungeon, and saw 12 of its levels.

You collected 744 gold pieces.

Inventory:

Hand Weapons
 b - a +2 shortbow of freezing
 g - a +2 short sword of venom (weapon)
 E - a +0 arbalest
Missiles
 j - 48 bolts
 u - 134 arrows
 D - 8 curare-tipped darts (quivered)
Armour
 c - a +0 pair of boots (worn)
 J - a +0 helmet (worn)
 L - +0 swamp dragon scales (worn)
 M - a +0 cloak (worn)
Magical Staves
 H - an uncursed staff of earth
Jewellery
 f - a +4 ring of protection (left hand)
 p - an uncursed ring of positive energy
 t - a +6 ring of dexterity
 B - a ring of the Octopus King (right hand) {MP+9 AC+1 EV+1 Str+1 Int+1 Dex+1}
   (You found it on level 9 of the Dungeon)

   [ring of magical power]

   It affects your AC (+1).
   It affects your evasion (+1).
   It affects your strength (+1).
   It affects your intelligence (+1).
   It affects your dexterity (+1).
   It affects your magic capacity (+9).
 C - an amulet of inaccuracy (around neck)
 G - an uncursed ring of flight
 O - an uncursed ring of see invisible
Wands
 K - a wand of enslavement (7)
Scrolls
 a - 3 scrolls of amnesia {unknown}
 e - 5 scrolls of remove curse
 i - 8 scrolls of identify
 k - a scroll of immolation {unknown}
 n - 2 scrolls of teleportation {unknown}
 r - a scroll of random uselessness {unknown}
 s - 6 scrolls of fog {unknown}
 w - 3 scrolls of noise {unknown}
 y - 2 scrolls of fear {unknown}
 z - a scroll of magic mapping {unknown}
 F - 3 scrolls of enchant armour {unknown}
 I - a scroll of silence {unknown}
Potions
 h - 4 potions of curing
 l - a potion of resistance {unknown}
 m - 6 potions of flight
 o - 2 potions of ambrosia {unknown}
 q - 4 potions of brilliance {unknown}
 v - 2 potions of degeneration {unknown}
 A - 2 potions of stabbing {unknown}
 N - 2 potions of magic {unknown}
Comestibles
 d - 23 rations
 x - 3 chunks of flesh


   Skills:
 - Level 4.0 Fighting
 + Level 5.6 Armour
 - Level 3.0 Dodging
 - Level 3.0 Stealth
 * Level 15.5 Spellcasting
 + Level 9.4 Conjurations
 - Level 1.1 Summonings
 - Level 1.1 Translocations
 + Level 8.6 Fire Magic
 - Level 2.0 Air Magic
 - Level 1.2 Poison Magic
 - Level 1.0 Evocations


You had 28 spell levels left.
You knew the following spells:

 Your Spells              Type           Power        Failure   Level  Hunger
a - Magic Dart            Conj           ####         1%          1    None
b - Mephitic Cloud        Conj/Pois/Air  #####...     1%          3    None
c - Call Imp              Summ           ####....     8%          2    None
d - Blink                 Tloc           N/A          8%          2    None
e - Conjure Flame         Conj/Fire      ######..     1%          3    None
f - Foxfire               Conj/Fire      ####         1%          1    None
g - Shock                 Conj/Air       ####         1%          1    None

Your spell library contained the following spells:

 Spells                   Type           Power        Failure   Level  Hunger
 Hailstorm                Conj/Ice       ######..     3%          4    None
 Slow                     Hex            ###.....     12%         2    None
 Gell's Gravitas          Tloc           ####......   16%         3    None
 Confusing Touch          Hex            ###.....     24%         3    None
 Yara's Violent Unravell  Hex/Tmut       ###.......   45%         5    None
 Petrify                  Tmut/Erth      ###.....     61%         4    None
 Metabolic Englaciation   Hex/Ice        ###.......   91%         5    None


Dungeon Overview and Level Annotations

Branches:
Dungeon (11/15)            Temple (1/1) D:5             Orc (0/2) D:10
   Lair: D:8-11

Altars:
Dithmenos
Elyvilon
Hepliaklqana
Makhleb
Nemelex Xobeh
Qazlal
Uskayaw
Vehumet
Wu Jian
Xom
Yredelemnul
The Shining One

Shops:
D:6 *   D:8 %   D:9 ([=[!


Innate Abilities, Weirdness & Mutations

You are agile. (Dex +2)
Scrolls take you a little longer to read.
Your mind is acute. (Int +2)
Armour fits poorly on your strangely shaped body.


Message History

Casting: Shock (safe; 1% risk of failure)
Confirm with . or Enter, or press ? or * to list all spells.
Aiming: Shock (safe; 1% risk of failure)
Press: ? - help, Shift-Dir - straight line, f/p - red ugly thing
Aim: a red ugly thing (flame, severely wounded)
The zap misses the red ugly thing.
The red ugly thing is engulfed in blazing flames.
The red ugly thing engulfs you but does no damage.
Unknown command.
Casting: Shock (safe; 1% risk of failure)
Confirm with . or Enter, or press ? or * to list all spells.
Aiming: Shock (safe; 1% risk of failure)
Press: ? - help, Shift-Dir - straight line, f/p - red ugly thing
Aim: a red ugly thing (flame, severely wounded)
The zap misses the red ugly thing.
The red ugly thing is engulfed in blazing flames.
The red ugly thing engulfs you.
* * * LOW HITPOINT WARNING * * *
You are engulfed in flames!
You die...

...###.'u.....#....'.........#
...# ###......######.........#
#)## #...)..# ###'####### #..#
####'### #.#### ##'## #...#
#....# .[..# ##)######
#####.### ....# #.)..)..#
####.......#
.)..####)<.).○○###..........#
....').#.....○○u@..##.......#
....##)#).o...○######.......#
....##().......# #.......#
....####.......# ##.######
....# #####.### #.# ##### #.#
#.. ..# #. ..## #'#


You could see a red ugly thing and an orc.

Vanquished Creatures
  6 two-headed ogres
  Nergalle (D:10)
  An unseen horror (D:11)
  Pikel (D:8)
  An orc knight (D:11)
  A komodo dragon (D:11)
  Maggie (D:8)
  A troll (D:11)
  2 hippogriffs (D:10)
  3 hogs (D:8)
  A human (D:8)
  2 basilisks
  A yak (D:8)
  A hungry ghost (D:7)
  A water moccasin (D:5)
  2 sky beasts
  3 ice beasts
  5 orc warriors
  3 slaves (D:8)
  A black bear (D:8)
  An eye of draining (D:8)
  6 ogres
  A phantom (D:6)
  3 centaurs
  2 crocodiles
  2 big kobolds
  8 bullfrogs
  A wyvern zombie (D:9)
  A water moccasin skeleton (D:7)
  8 killer bees
  8 wights
  7 scorpions
  A howler monkey (D:8)
  2 crimson imps
  3 bullfrog skeletons
  3 jellies
  2 quasits (D:9)
  A bullfrog zombie (D:11)
  7 hounds
  9 orc wizards
  3 orc priests
  An iguana (D:5)
  2 centaur skeletons
  8 worker ants
  3 hound skeletons
  2 worker ant zombies
  9 gnolls
  A howler monkey skeleton (D:5)
  15 adders
  A shadow imp (D:5)
  3 adder skeletons
  3 worms
  A dart slug (D:4)
  6 leopard geckos
  43 orcs
  3 ball pythons
  4 giant cockroaches (D:1)
  7 goblins
  9 hobgoblins
  6 jackals (D:3)
  3 quokkas
  16 bats
  4 frilled lizards
  A jackal zombie (D:7)
  14 kobolds
  2 quokka skeletons
  10 rats
294 creatures vanquished.

Vanquished Creatures (collateral kills)
  A killer bee (D:11)
  2 gnolls (D:2)
  A bat (D:2)
  A kobold (D:11)
5 creatures vanquished.

Vanquished Creatures (others)
  2 sky beasts (D:8)
  A bullfrog (D:8)
  An adder (D:8)
  A kobold (D:3)
  696 foxfires
  2 fungi (D:11)
  A plant (D:11)
704 creatures vanquished.

Grand Total: 1003 creatures vanquished

Notes
Turn   | Place    | Note
-------+----------+-------------------------------------------
     0 | D:1      | pokeman the Deep Elf Wizard began the quest for the Orb.
     0 | D:1      | Reached XP level 1. HP: 10/10 MP: 7/7
   328 | D:1      | Reached XP level 2. HP: 16/16 MP: 7/9
   954 | D:1      | Reached skill level 5 in Spellcasting
  1254 | D:1      | You fall into a shaft and drop 1 floor!
  1267 | D:2      | Reached XP level 3. HP: 20/20 MP: 2/11
  1272 | D:2      | Learned a level 3 spell: Mephitic Cloud
  1275 | D:2      | Learned a level 2 spell: Call Imp
  1278 | D:2      | Learned a level 2 spell: Blink
  1284 | D:2      | Learned a level 3 spell: Conjure Flame
  1397 | D:2      | Reached skill level 1 in Fighting
  1520 | D:2      | Reached skill level 1 in Armour
  1742 | D:2      | Reached XP level 4. HP: 25/25 MP: 8/13
  3063 | D:3      | Reached skill level 6 in Spellcasting
  3063 | D:3      | Reached skill level 1 in Poison Magic
  3063 | D:3      | Reached XP level 5. HP: 27/29 MP: 2/15
  4052 | D:3      | Found a white marble altar of Elyvilon.
  4713 | D:4      | Reached skill level 1 in Fire Magic
  4818 | D:4      | Reached XP level 6. HP: 31/34 MP: 13/17
  5014 | D:4      | Reached skill level 7 in Spellcasting
  5184 | D:4      | Reached skill level 1 in Air Magic
  6058 | D:5      | Entered Level 5 of the Dungeon
  6075 | D:5      | Reached XP level 7. HP: 18/39 MP: 8/20
  6420 | D:5      | Found a staircase to the Ecumenical Temple.
  6436 | Temple   | Entered the Ecumenical Temple
  6474 | Temple   | Became a worshipper of Vehumet
  6529 | D:5      | Reached skill level 8 in Spellcasting
  6606 | D:5      | Gained mutation: You are somewhat resistant to further
                  | mutation. [potion of mutation]
  6606 | D:5      | Gained mutation: You have a pair of small antennae on your
                  | head. [potion of mutation]
  6847 | D:5      | Lost mutation: You have a pair of small antennae on your
                  | head. [potion of mutation]
  6847 | D:5      | Lost mutation: You are somewhat resistant to further
                  | mutation. [potion of mutation]
  6847 | D:5      | Gained mutation: Armour fits poorly on your strangely
                  | shaped body. [potion of mutation]
  6847 | D:5      | Gained mutation: Scrolls take you a little longer to read.
                  | [potion of mutation]
  6847 | D:5      | Gained mutation: Your mind is acute. (Int +2) [potion of
                  | mutation]
  6847 | D:5      | Gained mutation: You are agile. (Dex +2) [potion of
                  | mutation]
  7816 | D:6      | Reached skill level 9 in Spellcasting
  7816 | D:6      | Reached XP level 8. HP: 44/44 MP: 4/23
  8127 | D:6      | Reached * piety under Vehumet
  8127 | D:6      | Offered knowledge of Foxfire by Vehumet.
  8133 | D:6      | Learned a level 1 spell: Foxfire
  8339 | D:6      | Found Vuanim's General Store.
  8431 | D:6      | Reached skill level 5 in Conjurations
  8470 | D:6      | Reached skill level 10 in Spellcasting
  8576 | D:6      | Found a sparkling altar of Nemelex Xobeh.
  9057 | D:7      | Reached XP level 9. HP: 38/48 MP: 15/25
  9211 | D:7      | Noticed a two-headed ogre
  9251 | D:7      | Killed a two-headed ogre
  9251 | D:7      | Reached skill level 11 in Spellcasting
  9391 | D:7      | Offered knowledge of Shock by Vehumet.
  9394 | D:7      | Learned a level 1 spell: Shock
  9395 | D:7      | Reached ** piety under Vehumet
  9406 | D:7      | Reached skill level 5 in Fire Magic
  9626 | D:7      | Found a stormy altar of Qazlal.
  9676 | D:7      | Noticed a two-headed ogre
  9702 | D:7      | Killed a two-headed ogre
  9702 | D:7      | Reached skill level 12 in Spellcasting
  9887 | D:7      | Reached XP level 10. HP: 47/56 MP: 21/28
 10199 | D:8      | Noticed Maggie
 10211 | D:8      | Noticed Pikel
 10215 | D:8      | Killed Pikel
 10834 | D:8      | Found Relung's Food Emporium.
 11044 | D:8      | Reached skill level 1 in Evocations
 11369 | D:8      | Reached skill level 13 in Spellcasting
 11692 | D:8      | Killed Maggie
 12045 | D:9      | Found Date's Distillery.
 12248 | D:9      | Noticed a two-headed ogre
 12299 | D:9      | Killed a two-headed ogre
 12407 | D:9      | Found the ring of the Octopus King
 12461 | D:9      | Got a ring of the Octopus King
 12463 | D:9      | Identified a ring of the Octopus King {MP+9 AC+1 EV+1 Str+1
                  | Int+1 Dex+1} (You found it on level 9 of the Dungeon)
 12566 | D:9      | Found a stormy altar of Qazlal.
 12776 | D:9      | Offered knowledge of Dazzling Flash by Vehumet.
 12807 | D:9      | Found Ruhya's Antique Weapon Emporium.
 12863 | D:9      | Found Osel's Armour Emporium.
 12940 | D:9      | Found Orymnal's Armour Shoppe.
 12964 | D:9      | Reached skill level 14 in Spellcasting
 12964 | D:9      | Reached XP level 11. HP: 42/61 MP: 31/31
 13076 | D:9      | Found Xegymurgh's Jewellery Shop.
 13209 | D:10     | Entered Level 10 of the Dungeon
 13209 | D:10     | Noticed a two-headed ogre
 13257 | D:10     | Found a shimmering altar of Xom.
 13401 | D:10     | Noticed a two-headed ogre
 13425 | D:10     | Killed a two-headed ogre
 13738 | D:10     | Reached *** piety under Vehumet
 13756 | D:10     | Found a staircase to the Orcish Mines.
 14225 | D:10     | Killed a two-headed ogre
 14364 | D:10     | Offered knowledge of Hailstorm by Vehumet.
 14472 | D:10     | Noticed Nergalle
 15020 | D:10     | Killed Nergalle
 15020 | D:10     | Reached skill level 5 in Armour
 15230 | D:11     | Noticed a two-headed ogre
 15236 | D:11     | Noticed a two-headed ogre
 15369 | D:11     | Killed a two-headed ogre
 15369 | D:11     | Reached skill level 15 in Spellcasting
 15472 | D:11     | Noticed a red ugly thing
 15972 | D:11     | Noticed an orc knight
 15996 | D:11     | Killed an orc knight
 16162 | D:11     | Killed an unseen horror
 16335 | D:11     | Mangled by a red ugly thing

Illustrated notes

Levels and vault maps discovered:
D:1:      dpeg_arrival_prison, layout_loops_corners, minmay_tiny_reverse_x
D:2:      layout_basic, minmay_cupped
D:3:      layout_loops_corners, elyvilon_altar_4, first_ration, kennysheep_nub,
          minmay_bisected
D:4:      layout_basic
D:5:      layout_loops_ring, minmay_temple_entry_proselytizer
D:6:      minmay_evil_eye, layout_cave_pools, serial_shops,
          nicolae_shop_statue_plus, nemelex_diamond_rough_becter
D:7:      layout_loops_ring, serial_glass, glass_columns_a, glass_columns_a,
          minmay_ruined_shrine
D:8:      layout_loops_ring, serial_shops, nicolae_shop_crystal,
          grunt_livestock, st_stairs_3, uniq_pikel, uniq_maggie
D:9:      layout_irregular_city, serial_shops, shop_fountains, shop, shop,
          nicolae_shop_trees, kennysheep_little_box,
          nicolae_qazlal_general_emergency
D:10:     layout_long_grid, orc_0_dummy, basic_altar, grunt_ministairs_9,
          uniq_nergalle
D:11:     layout_roguey, david_lair_generic, special_room [special_room_orc],
          uniq_erica
Temple:   nicolae_temple_the_god_donut

Skill      XL: |  1  2  3  4  5  6  7  8  9 10 11 |
---------------+----------------------------------+-----
Spellcasting   | 5 6 7 9 10 12 14 15 | 15.5
Fighting       | 1 2 3 4 |  4.0
Armour         | 1 2 3 4 5 |  5.6
Conjurations   | 2 3 4 5 7 8 9 |  9.4
Dodging        | 3 |  3.0
Poison Magic   | 1 |  1.2
Fire Magic     | 1 2 4 5 7 8 |  8.6
Stealth        | 3 |  3.0
Air Magic      | 1 2 |  2.0
Evocations     | 1 |  1.0
Summonings     | |  1.1
Translocations | |  1.1

Action                   |  1- 3 |  4- 6 |  7- 9 | 10-12 || total
-------------------------+-------+-------+-------+-------++-------
Melee: Unarmed           |    12 |     7 |       |       ||    19
       Short sword       |       |       |     5 |    64 ||    69
       Staff             |       |       |       |     3 ||     3
 Fire: Arbalest          |       |       |    42 |    19 ||    61
 Cast: Magic Dart        |    95 |   219 |   183 |    12 ||   509
       Conjure Flame     |       |     3 |    13 |    40 ||    56
       Mephitic Cloud    |       |     3 |     9 |    48 ||    60
       Call Imp          |       |     4 |     3 |     5 ||    12
       Foxfire           |       |       |    77 |   309 ||   386
       Shock             |       |       |    26 |    45 ||    71
       Blink             |       |       |     1 |    23 ||    24
  Use: Potion            |       |       |     4 |       ||     4
       Scroll            |       |       |       |     2 ||     2
 Stab: Confused          |       |     1 |     2 |     7 ||    10
  Eat: Chunk             |     2 |    13 |    12 |    16 ||    43
       Ration            |       |       |       |     1 ||     1
Armor: Robe              |     4 |    17 |       |       ||    21
       Leather armour    |       |     6 |    16 |     6 ||    28
       Swamp dragon scal |       |       |       |   116 ||   116
Dodge: Dodged            |    40 |    62 |    36 |   148 ||   286
